 Dungeon Crawl Stone Soup version 0.23.2 (webtiles) character file.

Game seed: 806616164755875527

1441 PentaManta the Cleaver (level 8, -2/111 HPs)
             Began as a Minotaur Berserker on Apr 3, 2019.
             Was a Priest of Trog.
             Slain by a worker ant (4 damage)
             ... on level 6 of the Dungeon.
             The game lasted 00:08:13 (5068 turns).

PentaManta the Cleaver (Minotaur Berserker)         Turns: 5068, Time: 00:08:13

Health: -2/111     AC:  3    Str: 29    XL:     8   Next: 46%
Magic:  7/7        EV: 14    Int:  4    God:    Trog [***...]
Gold:   152        SH:  0    Dex: 10    Spells: 7/7 levels left

rFire    . . .     SeeInvis .   a - +0 hand axe
rCold    . . .     Gourm    .   (no shield)
rNeg     . . .     Faith    .   b - +0 animal skin
rPois    .         Spirit   .   (helmet restricted)
rElec    .         Reflect  .   i - +0 cloak
rCorr    .         Harm     .   (no gloves)
MR       .....                  (no boots)
Stlth    ..........             (no amulet)
HPRegen  0.28/turn              (no ring)
MPRegen  0.10/turn              (no ring)

@: berserking, lethally poisoned (-2 -> -7), very quick
A: retaliatory headbutt, horns 2
a: Berserk, Trog's Hand, Renounce Religion


You were on level 6 of the Dungeon.
You worshipped Trog.
Trog was most pleased with you.
You were very hungry.

You visited 1 branch of the dungeon, and saw 6 of its levels.

You collected 152 gold pieces.

Inventory:

Hand Weapons
 a - a +0 hand axe (weapon)
Armour
 b - a +0 animal skin (worn)
 i - a +0 cloak (worn)
Wands
 o - a wand of random effects (21)
Scrolls
 e - a scroll of remove curse
 f - a scroll of teleportation
 g - 2 scrolls of identify
Potions
 d - a potion of might {unknown}
 h - a potion of agility
 j - a potion of heal wounds
 k - a potion of lignification
 l - a potion of magic {unknown}
 m - 2 potions of degeneration {unknown}
 n - a potion of resistance {unknown}
 q - 2 potions of curing {unknown}
 s - a potion of ambrosia {unknown}
Comestibles
 c - 8 rations


   Skills:
 * Level 8.1 Fighting
 * Level 8.2 Axes
 + Level 5.6 Armour
 + Level 5.0 Dodging


You had 7 spell levels left.
You didn't know any spells.
Your spell library was empty.

Dungeon Overview and Level Annotations

Branches:
Dungeon (6/15)             Temple (0/1) D:4

Altars:
Zin

Shops:
D:5 }


Innate Abilities, Weirdness & Mutations

You reflexively headbutt those who attack you in melee.
You have a pair of horns on your head.


Message History

You feel sick. The worker ant barely misses you. You furiously retaliate!
You headbutt the worker ant. You slash the worker ant!
The worker ant is almost dead.
* * * LOW HITPOINT WARNING * * *
You feel sick. The worker ant barely misses you.
A red film seems to cover your vision as you go berserk!
You feel yourself moving faster!
You feel mighty!
You are feeling very hungry.
* * * LOW HITPOINT WARNING * * *
You feel sick.
The worker ant bites you but does no damage. x2
You closely miss the worker ant. Your headbutt misses the worker ant.
The worker ant is almost dead.
* * * LOW HITPOINT WARNING * * *
You feel sick.
You completely miss the worker ant.
The worker ant is almost dead.
The worker ant bites you.
You die...

*,,*****#.,##...#***##..,..##
*,,,,,,...##.....**,...###..#
*,*****..........,,...,,.#..##
*,,,,,,.........###.#***,...[#
*******.........#...* **#.#.##
*...........########.#...
*........................
*......a..###########.#..
*.......@.# #.#.. *.........#
#.#.. *.........# #.#..
*........## ###.. *#########
#.. *#.. *..# **.#*
***********,,*


You could see a worker ant.

Vanquished Creatures
  Grinder (D:4)
  Sigmund (D:4)
  Eustachio (D:4)
  An orc warrior (D:6)
  2 phantoms
  An ogre (D:4)
  A scorpion (D:4)
  A crimson imp (D:5)
  A bullfrog zombie (D:6)
  2 hounds
  A centaur skeleton (D:6)
  3 orc wizards
  A bullfrog skeleton (D:4)
  2 orc priests
  2 worker ants
  A worker ant zombie (D:6)
  4 gnolls (D:5)
  5 adders
  An ooze (D:1)
  4 worms (D:2)
  2 dart slugs (D:1)
  2 leopard geckos
  7 orcs
  6 giant cockroaches
  9 goblins
  8 hobgoblins
  4 jackals (D:4)
  9 kobolds
  A quokka (D:2)
  2 ball pythons (D:1)
  5 bats
  5 frilled lizards
  A leopard gecko skeleton (D:4)
  8 rats
105 creatures vanquished.

Notes
Turn   | Place    | Note
-------+----------+-------------------------------------------
     0 | D:1      | PentaManta the Minotaur Berserker began the quest for the
                  | Orb.
     0 | D:1      | Reached XP level 1. HP: 19/19 MP: 0/0
   406 | D:1      | Reached XP level 2. HP: 27/27 MP: 1/1
   619 | D:1      | Reached XP level 3. HP: 33/33 MP: 2/2
   797 | D:1      | Reached ** piety under Trog
  1338 | D:2      | Reached XP level 4. HP: 36/41 MP: 3/3
  2115 | D:3      | HP: 1/41 [orc priest/divine providence (12)]
  2211 | D:3      | HP: 2/41 [orc priest/nerve-wracking pain (12)]
  2520 | D:3      | Reached XP level 5. HP: 47/47 MP: 4/4
  2538 | D:3      | Reached skill level 5 in Fighting
  2583 | D:3      | Reached skill level 5 in Axes
  2836 | D:4      | Noticed an ogre
  2844 | D:4      | Killed an ogre
  3083 | D:4      | Found a staircase to the Ecumenical Temple.
  3109 | D:4      | Noticed Grinder
  3118 | D:4      | Killed Grinder
  3118 | D:4      | Reached XP level 6. HP: 57/57 MP: 5/5
  3222 | D:4      | Reached *** piety under Trog
  3245 | D:4      | Reached XP level 7. HP: 44/63 MP: 6/6
  3351 | D:4      | Noticed Eustachio
  3364 | D:4      | Killed Eustachio
  3505 | D:4      | Noticed Sigmund
  3661 | D:4      | Killed Sigmund
  4066 | D:5      | Entered Level 5 of the Dungeon
  4182 | D:5      | Found Eggin's Gadget Boutique.
  4221 | D:5      | Reached skill level 5 in Armour
  4259 | D:5      | Reached XP level 8. HP: 40/73 MP: 7/7
  4291 | D:5      | Found a glowing silver altar of Zin.
  5017 | D:6      | Reached skill level 5 in Dodging
  5064 | D:6      | HP: 3/74 [poisoned by a worker ant]
  5068 | D:6      | Slain by a worker ant

Skill      XL: |  1  2  3  4  5  6  7  8 |
---------------+-------------------------+-----
Axes           | 4 6 7 8 |  8.2
Fighting       | 4 6 7 8 |  8.1
Armour         | 3 4 5 |  5.6
Dodging        | 3 4 5 |  5.0

Action                   |  1- 3 |  4- 6 |  7- 9 || total
-------------------------+-------+-------+-------++-------
Melee: Hand axe          |    77 |    84 |   114 ||   275
       Headbutt          |     8 |    11 |    16 ||    35
Invok: Trog's Hand       |       |     1 |       ||     1
       Berserk           |       |     2 |     4 ||     6
  Use: Scroll            |       |       |    10 ||    10
  Eat: Chunk             |     1 |     5 |     9 ||    15
       Ration            |       |     1 |       ||     1
Armor: Animal skin       |    15 |     9 |    16 ||    40
Dodge: Dodged            |    50 |    53 |    79 ||   182
